AoeStats
← Adags

Black Forest

510168336Analyzed
3v3 RM · 2d ago on Sep 29, 2026· 69m 20s· 6 players
Game mode
Random Map
Map size
Normal (6 player)
Population
200
Speed
Normal
Resources
Standard
Victory
Conquest
Starting age
Dark Age
Ending age
Imperial Age
RankedLock teamsTeams togetherTeam positionsShared explorationLock speedFull tech treeHidden civsTurbo modeCheats
Victory
Defeat
🇷🇴 Britons · Romania
568
+16
🇮🇳 Malay · India
565
+17
🇧🇾 Spanish · Belarus
518
+19
🇹🇷 Saracens · Türkiye
645
-21
🇹🇷 Vietnamese · Türkiye
551
-16
🇹🇷 Teutons · Türkiye
533
-15
Unguru
17:01 Feudal Age
21:27 Double-Bit Axe
22:24 Horse Collar
25:33 Castle Age
26:03 Heavy Plow
26:25 Bow Saw
28:47 Gold Mining
39:05 Imperial Age
39:43 Stone Mining
40:29 Gold Shaft Mining
40:32 Crop Rotation
42:23 Elite Battle Elephant
46:21 Wheelbarrow
48:46 Fishing Lines
49:45 Hand Cart
58:38 Scale Barding Armor
58:44 Forging
62:27 Iron Casting
66:43 Blast Furnace
68:16 Fletching
68:27 Padded Archer Armor
69:48 Bodkin Arrow
70:08 Leather Archer Armor
aaa
10:54 Feudal Age
11:35 Double-Bit Axe
18:10 Gold Mining
18:14 Stone Mining
19:12 Horse Collar
22:33 Castle Age
29:13 Bow Saw
29:06 Heavy Plow
32:07 Imperial Age
35:01 Chemistry
34:13 Pikeman
34:39 Gambesons
38:07 Halberdier
42:36 Caravan
45:28 Elite Conquistador
63:39 Cavalier
64:30 Bloodlines
66:03 Paladin
67:13 Scale Barding Armor
67:09 Scale Mail Armor
67:19 Forging
craciunvladut3
13:26 Feudal Age
13:54 Loom
14:44 Wheelbarrow
13:52 Horse Collar
14:05 Double-Bit Axe
18:58 Gold Mining
21:57 Castle Age
23:10 Hand Cart
22:59 Heavy Plow
23:12 Bow Saw
23:50 Stone Mining
26:02 Fletching
26:12 Padded Archer Armor
28:58 Forging
28:48 Scale Mail Armor
28:53 Scale Barding Armor
31:29 Coinage
30:59 Caravan
31:01 Bodkin Arrow
31:21 Leather Archer Armor
31:17 Crossbowman
37:44 Imperial Age
37:04 Gold Shaft Mining
36:51 Leather Archer Armor
38:01 Yeomen
38:30 Warwolf
39:06 Ring Archer Armor
38:36 Bracer
39:29 Capped Ram
41:20 Banking
41:00 Guilds
41:03 Elite Longbowman
45:45 Arbalester
50:35 Ballistics
51:16 Chemistry
mandiranoy
0:29 Loom
13:17 Feudal Age
21:40 Double-Bit Axe
25:52 Castle Age
34:22 Ballistics
38:50 Imperial Age
40:40 Chemistry
40:53 Pikeman
41:35 Squires
41:22 Arson
44:25 Elite Rattan Archer
49:32 Halberdier
54:15 Scale Barding Armor
54:22 Forging
55:49 Cavalier
56:30 Husbandry
64:09 Onager
SmokedMyself
0:26 Loom
10:42 Feudal Age
11:49 Double-Bit Axe
18:51 Castle Age
17:55 Horse Collar
18:25 Gold Mining
20:09 Caravan
21:42 Wheelbarrow
22:10 Bow Saw
22:34 Heavy Plow
24:17 Hand Cart
26:30 Stone Mining
27:50 Gold Shaft Mining
36:03 Imperial Age
35:16 Forging
35:11 Scale Barding Armor
37:14 Iron Casting
37:03 Chain Barding Armor
36:09 Elite Mameluke
40:36 Blast Furnace
40:11 Plate Barding Armor
39:43 Husbandry
50:17 Fletching
50:27 Padded Archer Armor
51:05 Elite Skirmisher
52:12 Bodkin Arrow
52:32 Leather Archer Armor
52:43 Imperial Skirmisher
53:27 Bracer
54:23 Thumb Ring
56:37 Ring Archer Armor
Adags
0:38 Loom
19:45 Feudal Age
20:43 Horse Collar
23:44 Double-Bit Axe
28:47 Gold Mining
28:48 Stone Mining
33:34 Castle Age
35:28 Stone Shaft Mining
39:37 Fletching
39:50 Padded Archer Armor
40:02 Forging
39:54 Scale Mail Armor
40:03 Scale Barding Armor
42:07 Leather Archer Armor
48:00 Pikeman
48:49 Bodkin Arrow
50:57 Iron Casting
50:37 Chain Mail Armor
50:43 Chain Barding Armor
53:38 Town Watch
54:29 Wheelbarrow
58:25 Town Patrol
58:41 Hand Cart
58:46 Bow Saw
58:42 Heavy Plow
62:18 Imperial Age
64:52 Blast Furnace
64:23 Plate Mail Armor
64:22 Elite Teutonic Knight
67:55 Ring Archer Armor
68:01 Plate Barding Armor
69:48 Chemistry
Connection lost

Rejoining the realm…

Still unreachable

The connection could not be restored.

Session expired

The server has moved on; the page needs a fresh start.